 Dungeon Crawl Stone Soup version 0.21.1-1-g345015f (webtiles) character file.

79 Solrac the Firebug (level 4, -8/24 HPs)
             Began as a Deep Elf Fire Elementalist on Mar 17, 2018.
             Killed by divine providence
             ... invoked by an orc priest
              (10 damage)
             ... on level 3 of the Dungeon.
             The game lasted 00:13:26 (2328 turns).

Solrac the Firebug (Deep Elf Fire Elementalist)     Turns: 2328, Time: 00:13:26

Health: -8/24      AC:  2    Str:  5    XL:     4   Next: 16%
Magic:  2/11       EV: 13    Int: 21    God:
Gold:   111        SH:  0    Dex: 15    Spells: 0/10 levels left

rFire    . . .     SeeInvis .   k - +0 dagger
rCold    . . .     Gourm    .   (no shield)
rNeg     . . .     Faith    .   a - +0 robe
rPois    .         Spirit   .   (no helmet)
rElec    .         Reflect  .   (no cloak)
rCorr    +         Harm     .   (no gloves)
MR       .....                  (no boots)
Stlth    ++........             (no amulet)
HPRegen  0.08/turn              p - ring of resist corrosion
MPRegen  0.12/turn              r - ring of flight

@: no status effects
A: no striking features
a: Evoke Flight


You were on level 3 of the Dungeon.
You were not hungry.

You visited 1 branch of the dungeon, and saw 3 of its levels.

You collected 111 gold pieces.

Inventory:

Hand Weapons
 k - a +0 dagger (weapon)
Missiles
 l - 55 stones (quivered)
Armour
 a - a +0 robe (worn)
Jewellery
 p - a ring of resist corrosion (left hand)
 r - a ring of flight (right hand)
Scrolls
 d - a scroll of amnesia
 f - a scroll of immolation {unknown}
 g - a scroll of enchant weapon {unknown}
 h - 2 scrolls of remove curse
 i - a scroll of blinking {unknown}
 m - 2 scrolls of teleportation {unknown}
 o - a scroll of random uselessness {unknown}
Potions
 e - 3 potions of cancellation
 j - 2 potions of might {unknown}
 n - 3 potions of curing {unknown}
Books
 b - a book of Flames

   Spells                             Type                      Level
   a - Flame Tongue                   Conjuration/Fire             1
   b - Throw Flame                    Conjuration/Fire             2
   c - Conjure Flame                  Conjuration/Fire             3
   d - Inner Flame                    Hexes/Fire                   3
   e - Sticky Flame                   Conjuration/Fire             4
   f - Fireball                       Conjuration/Fire             5
Comestibles
 c - 5 rations


   Skills:
 - Level 2.4 Dodging
 + Level 3.3 Stealth
 + Level 3.7 Spellcasting
 * Level 2.9 Conjurations
 + Level 3.8 Fire Magic


You couldn't memorise any spells.
You knew the following spells:

 Your Spells              Type           Power        Failure   Level  Hunger
a - Flame Tongue          Conj/Fire      ###..        3%          1    None
b - Throw Flame           Conj/Fire      ###...       4%          2    ##.....
c - Conjure Flame         Conj/Fire      ###.....     9%          3    ###....
d - Sticky Flame          Conj/Fire      ###.....     30%         4    ####...


Dungeon Overview and Level Annotations

Branches:
Dungeon (3/15)

Altars:
Hepliaklqana


Message History

Beogh smites you!
Ouch! That really hurt!
* * * LOW HITPOINT WARNING * * *
Casting: Flame Tongue
Confirm with . or Enter, or press ? or * to list all spells.
Aiming: Flame Tongue
Press: ? - help, Shift-Dir - straight line, f/p - orc priest
Aim: an orc priest, wielding a dagger and wearing a leather armour (heavily wounded)
The flame tongue hits the orc priest.
The orc priest appears unharmed.
The orc priest is heavily wounded.
Casting: Flame Tongue
Confirm with . or Enter, or press ? or * to list all spells.
Aiming: Flame Tongue
Press: ? - help, Shift-Dir - straight line, f/p - orc priest
Aim: an orc priest, wielding a dagger and wearing a leather armour (heavily wounded)
The flame tongue hits the orc priest.
The orc priest appears unharmed.
The orc priest is heavily wounded.
The orc priest invokes the aid of Beogh against you.
Beogh smites you!
You die...

######### #.......# ######
#.......# .....# #.......#
.....# #######.#
.....##########......##########
.....................>........#
.......#####.##.####.########.#
.......# #....@....# #.#
.......# #.##.###### #.#
.####..# ####.# #.# . #..# #.#
#.# . #..# #.# #.#
#..########ยง## #.# #.o...ooo#
#.# #.oooo.o.# #.# #........#
#)#


You could see 2 orc priests and an orc wizard.

Vanquished Creatures
  2 adders (D:2)
  An ooze (D:3)
  4 worms (D:2)
  A leopard gecko (D:1)
  3 giant cockroaches (D:1)
  6 goblins
  6 hobgoblins
  9 kobolds
  3 quokkas (D:2)
  6 bats
  2 frilled lizards (D:1)
  A rat (D:2)
44 creatures vanquished.

Notes
Turn   | Place    | Note
-------+----------+-------------------------------------------
     0 | D:1      | Solrac the Deep Elf Fire Elementalist began the quest for the Orb.
     0 | D:1      | Reached XP level 1. HP: 10/10 MP: 6/6
   277 | D:1      | Reached XP level 2. HP: 15/15 MP: 6/8
   281 | D:1      | Learned a level 2 spell: Throw Flame
   900 | D:2      | Reached XP level 3. HP: 19/19 MP: 3/9
   968 | D:2      | Learned a level 3 spell: Conjure Flame
  1348 | D:2      | Found a hazy altar of Hepliaklqana.
  1695 | D:2      | Reached XP level 4. HP: 24/24 MP: 6/11
  1987 | D:3      | Learned a level 4 spell: Sticky Flame
  2322 | D:3      | HP: 1/24 [orc priest/divine providence (12)]
  2328 | D:3      | Killed from afar by an orc priest

Skill      XL: |  1  2 |
---------------+-------+-----
Conjurations   | 2 |  2.9
Stealth        | 3 |  3.3
Dodging        | |  2.4
Spellcasting   | |  3.7
Fire Magic     | |  3.8

Action                   |  1- 3 |  4- 6 || total
-------------------------+-------+-------++-------
Melee: Dagger            |     4 |       ||     4
 Cast: Flame Tongue      |    58 |    16 ||    74
       Throw Flame       |     9 |       ||     9
       Conjure Flame     |       |     1 ||     1
  Use: Scroll            |     3 |       ||     3
  Eat: Chunk             |     2 |       ||     2
       Ration            |       |     1 ||     1
Armor: Robe              |     1 |       ||     1
Dodge: Dodged            |    15 |       ||    15
